 Dungeon Crawl Stone Soup version 0.29-a0-876-gfc89b1a5bd (webtiles) character file.

Game seed: 682166132596353711

474 raph the Digger (level 6, -2/35 HPs)
             Began as a Deep Elf Earth Elementalist on July 19, 2022.
             Slain by a gnoll bouda
             ... wielding a +0 club
              (6 damage)
             ... on level 4 of the Dungeon.
             The game lasted 00:06:04 (4276 turns).

raph the Digger (Deep Elf Earth Elementalist)       Turns: 4276, Time: 00:06:04

Health: -2/35      AC:  2    Str:  5    XL:     6   Next: 84%
Magic:  14/15      EV: 13    Int: 22    God:
Gold:   130        SH:  0    Dex: 15    Spells: 4/14 levels left

rFire   . . .      SeeInvis .   g - +1 dagger
rCold   . . .      Faith    .   (no shield)
rNeg    . . .      Spirit   .   a - +0 robe
rPois   .          Reflect  .   (no helmet)
rElec   .          Harm     .   (no cloak)
rCorr   .          Rampage  .   (no gloves)
Will    .....                   (no boots)
Stlth   +++.......              (no amulet)
HPRegen 0.11/turn               (no ring)
MPRegen 0.14/turn               (no ring)

@: no status effects
A: no striking features
a: no special abilities


You were on level 4 of the Dungeon.
You visited 1 branch of the dungeon, and saw 4 of its levels.

You collected 130 gold pieces.

Inventory:

Hand Weapons
 g - a +1 dagger (weapon)
Missiles
 c - 43 stones
 j - 6 poisoned darts
Armour
 a - a +0 robe (worn)
Potions
 b - 2 potions of magic
 d - 3 potions of brilliance
 e - 2 potions of haste
 f - 3 potions of might
 h - a potion of cancellation
 i - a potion of attraction {unknown}
 k - a potion of lignification
 m - 2 potions of curing {unknown}


   Skills:
 + Level 2.1 Fighting
 + Level 4.1 Dodging
 + Level 4.4 Stealth
 + Level 4.7 Spellcasting
 + Level 1.8 Transmutations
 * Level 5.5 Earth Magic


You had 4 spell levels left.
You knew the following spells:

 Your Spells              Type           Power      Damage    Failure   Level
a - Sandblast             Erth           58%        2d13      1%          1
b - Passwall              Tmut/Erth      17%        N/A       3%          2
c - Stone Arrow           Conj/Erth      34%        3d9       10%         3
d - Petrify               Tmut/Erth      21%        N/A       22%         4

Your spell library contained the following spells:

 Spells                   Type           Power      Damage    Failure   Level
 Confusing Touch          Hex            5%         N/A       30%         3
 Yara's Violent Unravell  Hex/Tmut       4%         3d4       89%         5
 Enfeeble                 Hex            2%         N/A       100%        7


Dungeon Overview and Level Annotations

Branches:
Dungeon (4/15)
 Temple: D:4-7

Altars:


Message History

Things that are here:
a +0 dagger; a +0 robe
j - 6 poisoned darts (gained 1)
You now have 130 gold pieces (gained 9).
A hobgoblin is nearby!
The hobgoblin shouts!
Aiming: Sandblast (safe; 1% risk of failure)
Press: ? - help, Q - select action, (/) - cycle Shift-Dir - straight line, f - hobgoblin
Aim: a hobgoblin (81% to hit)
The blast of sand misses the hobgoblin.
The hobgoblin closely misses you.
The gnoll bouda barks out a call to the hunt!
Aiming: Sandblast (safe; 1% risk of failure)
Press: ? - help, Q - select action, (/) - cycle Shift-Dir - straight line, f/p - hobgoblin
Aim: a hobgoblin (81% to hit)
The blast of sand hits the hobgoblin!!
You kill the hobgoblin!
The gnoll bouda gazes fiercely through you!
You feel your attacks grow feeble.
Aiming: Sandblast (safe; 1% risk of failure)
Press: ? - help, Q - select action, (/) - cycle Shift-Dir - straight line, f - gnoll bouda
Aim: a gnoll bouda, wielding a +0 club and wearing a +0 robe (83% to hit)
The blast of sand misses the gnoll bouda.
The gnoll shouts!
The hobgoblin shouts!
Unknown command.
The gnoll bouda attacks as you move away!
The gnoll bouda completely misses you.
The gnoll hits you from afar with a +0 spear.
The gnoll bouda attacks as you move away!
The gnoll bouda hits you with a +0 club!
Your attacks no longer feel as feeble.
The gnoll bouda attacks as you move away!
The gnoll bouda hits you with a +0 club!
* * * LOW HITPOINT WARNING * * *
The gnoll hits you from afar with a +0 spear.
* * * LOW HITPOINT WARNING * * *
There is a stone staircase leading up here.
The gnoll bouda hits you with a +0 club.
You die...

..#... ..
#...........## ..# ..
#... ###.............
....##....†..........
.........###.....#.
.........#.#g...##
..............÷.## #
.........)g##.#..# ..
.........g.##....##...
.......@g.)#.........#
..........)........$#
#...........#....####
#...........#.#..#
.........######.....
###......# #...##
###..... #### #......
...#..


You could see a gnoll bouda, 2 gnolls and a hobgoblin.

Vanquished Creatures
  A black bear (D:3)
  A scorpion (D:4)
  A hound (D:3)
  An iguana (D:4)
  An orc wizard (D:4)
  10 gnolls
  5 adders
  3 worms (D:2)
  A dart slug (D:3)
  7 orcs
  13 endoplasms
  2 giant cockroaches
  7 hobgoblins
  2 jackals (D:2)
  2 quokkas
  6 ball pythons
  4 bats
  6 frilled lizards
  8 goblins
  9 kobolds
  2 rats
92 creatures vanquished.

Notes
Turn   | Place    | Note
-------+----------+-------------------------------------------
     0 | D:1      | raph the Deep Elf Earth Elementalist began the quest for
                  | the Orb.
     0 | D:1      | Reached XP level 1. HP: 10/10 MP: 6/6
   271 | D:1      | Reached XP level 2. HP: 15/15 MP: 6/8
   964 | D:2      | Found a faded altar of an unknown god.
  1026 | D:2      | Learned a level 2 spell: Passwall
  1077 | D:2      | Reached XP level 3. HP: 20/20 MP: 4/9
  1081 | D:2      | Learned a level 3 spell: Stone Arrow
  1374 | D:2      | Reached skill level 1 in Fighting
  1473 | D:2      | Reached skill level 4 in Earth Magic
  1518 | D:2      | Reached XP level 4. HP: 21/25 MP: 6/11
  2166 | D:3      | Noticed a black bear
  2228 | D:3      | Killed a black bear
  2229 | D:3      | Reached XP level 5. HP: 7/29 MP: 3/13
  2843 | D:3      | Learned a level 4 spell: Petrify
  2881 | D:2      | Reached skill level 5 in Earth Magic
  3276 | D:3      | Reached XP level 6. HP: 35/35 MP: 9/14
  4276 | D:4      | Slain by a gnoll bouda

Illustrated notes

Levels and vault maps discovered:
D:1:      roderic_crossed_star, layout_rooms
D:2:      layout_loops_ring, shapermc_ecumenical_altar_mp_ritualfount
D:3:      layout_rooms, grunt_ministairs_8, minmay_diced_spiral
D:4:      layout_cave_pools, minmay_temple_entry_fiery

Skill      XL: |  1  2  3  4  5  6 |
---------------+-------------------+-----
Stealth        | 3 4 |  4.4
Fighting       | 1 2 |  2.1
Dodging        | 3 4 |  4.1
Earth Magic    | 4 5 |  5.5
Spellcasting   | 4 |  4.7
Transmutations | |  1.8

Action                   |  1- 3 |  4- 6 || total
-------------------------+-------+-------++-------
Melee: Dagger            |       |     2 ||     2
Throw: Dart              |       |     2 ||     2
 Cast: Sandblast         |    54 |    76 ||   130
       Stone Arrow       |       |     9 ||     9
  Use: Scroll            |     5 |     6 ||    11
       Potion            |       |     1 ||     1
 Stab: Sleeping          |       |     1 ||     1
Armor: Robe              |     7 |     9 ||    16
Dodge: Dodged            |    27 |    73 ||   100

Table legend: (Time is in decaauts)
 A = Elapsed time spent in this place.
 B = Non-inter-level travel time spent in this place.
 C = Inter-level travel time spent in this place.
 D = Time resting spent in this place.
 E = Time spent auto-exploring this place.
 F = Levels seen in this place.
 G = Mean time per level.
                   A        B        C        D        E       F      G
               +--------+--------+--------+--------+--------+-----+--------+
         Total |   4422 |   4219 |    203 |   2061 |   1347 |   4 | 1105.5 |
       Dungeon |   4422 |   4219 |    203 |   2061 |   1347 |   4 | 1105.5 |
               +--------+--------+--------+--------+--------+-----+--------+

Top non-repeatable levels by time:
     D:2: 1985 daAuts
     D:3: 1545 daAuts
     D:1: 774 daAuts
     D:4: 116 daAuts
